[Event "CCT Airthings Masters Play-In 2023"]
[Site "Online"]
[Date "2023.02.03"]
[Round "2"]
[White "GroovyKettle"]
[Black "LiemLe"]
[Result "0-1"]
[ECO "B90"]
[WhiteElo "2515"]
[BlackElo "2652"]
[Annotator "TA"]
[PlyCount "100"]
[EventDate "2023.02.03"]
[EventType "swiss"]
[EventCountry "NET"]
[SourceTitle "playchess.com"]
[Source "ChessBase"]
[SourceQuality "1"]
[TimeControl "600+2"]

1. e4 c5 2. Nf3 d6 3. d4 cxd4 4. Nxd4 Nf6 5. Nc3 a6 6. h4 {[%emt 0:00:00] B90: Sicilian Najdorf: Unusual White 6th moves, 6 Be3 Ng4 and 6 Be3 e5.} e5 7. Nb3 Be7 8. Bg5 {[%emt 0:00:02] The position is equal.} Be6 9. Bxf6 Bxf6 10. g3 Be7 11. Qd3 Nd7 12. O-O-O Nf6 13. f4 b5 14. f5 Bd7 {[%emt 0:00:25] [#]} 15. Rg1 $146 (15. Kb1 $11) ({Predecessor:} 15. Be2 Bc6 16. Kb1 b4 17. Nd5 Bxd5 18. exd5 Nd7 19. Qf3 Bf6 20. Qe4 Qe7 21. Na5 {1-0 Heimann,A (2633)-Kasioumis,V (2277) Paleochora op 13th 2020 (6)}) 15... Bc6 (15... Qb6 $15 16. Be2 b4) 16. Nd5 $11 Bxd5 17. exd5 h5 18. Nd2 Rc8 19. Ne4 Qb6 20. Be2 Rc4 21. Nxf6+ Bxf6 22. Qb3 Ra4 23. Kb1 Ke7 24. Rge1 Rd4 25. c4 (25. Qe3 $11) 25... Rb8 (25... Rxd1+ $15 {deserves consideration.} 26. Bxd1 Rc8) 26. Rxd4 (26. cxb5 $5 e4 27. Bxh5 $11 (27. bxa6 $2 Rb4 $19 {[%mdl 64] Skewer})) 26... Qxd4 27. cxb5 {[%emt 0:00:03] White is weak on the dark squares} (27. Bxh5 $11 Qf2 28. Re4) 27... Qf2 $15 28. Qc3 {[%emt 0:00:07] Threatens to win with Qc7+.} Kf8 $1 (28... axb5 29. Qc7+ (29. Bxh5 Qxf5+ 30. Qc2 Qxc2+ 31. Kxc2 g6 $15) 29... Kf8 30. Qxb8+ Ke7 31. Qc7+ Kf8 32. Qc8+ Ke7 33. Rc1 Bxh4 34. Bxh5) (28... Rc8 29. Qxc8 Qxe1+ 30. Qc1 Qxe2 31. Qc7+ Kf8 32. Qc8+ Ke7 33. Qc7+ Kf8 34. Qc8+ Ke7 35. Qc7+ $11) 29. a4 (29. bxa6 $2 {loses.} e4 30. Qc1 Rxb2+ 31. Qxb2 Bxb2 32. Kxb2 Qxe1 $19) 29... e4 30. Qb4 ({White must play} 30. Qc1 $1 $15) 30... Qxg3 $2 ({Black should play} 30... Be5 $19 31. f6 gxf6) 31. Rc1 axb5 (31... Qxh4 $2 32. Qxd6+ Kg8 33. Qxb8+ $18) 32. Bxb5 {[%emt 0:00:03] [#]} (32. a5 $15) 32... Qd3+ ({Weaker is} 32... Bxh4 33. Qxe4 Bf6 34. Re1) (32... e3 $1 $17 33. Qc4 Qf2) 33. Ka1 Qxd5 {[%emt 0:00:03] Strongly threatening ...e3.} 34. Re1 Kg8 {[%emt 0:00:10] aiming for ...Rc8.} 35. Rxe4 (35. Qxe4 $142 Qb3 36. Re2) 35... Qxf5 $17 {[%emt 0:00:04] Black is more active.} 36. Ka2 d5 37. Re2 (37. Re8+ $17 Rxe8 38. Bxe8) 37... d4 38. Qb3 Bxh4 (38... g6 $17 39. Bd3 Rxb3 40. Bxf5 Re3 41. Rxe3 dxe3) 39. Bd3 $1 $11 {[%emt 0:00:11][%mdl 64] [#] Discovered Attack} Qf4 40. Qd5 {[%emt 0:00:15] Prevents Qd6} g6 41. Bxg6 {[%emt 0:00:24] Hoping for Bd3.} d3 $1 $36 {[%emt 0:00:01][%mdl 2112] Discovered Attack. Black has good play.} 42. Re4 (42. Rg2 $11 {keeps the balance.} Qxa4+ 43. Kb1 Qd1+ 44. Ka2 Qa4+ 45. Kb1 Qd1+ 46. Ka2 Qa4+) 42... Qf6 $1 $17 {[%emt 0:00:09][%csl Gb8,LRb2,LRg6][%cal Rf6b2] Chess con chili.} 43. Qxf7+ $2 Qxf7+ 44. Bxf7+ Kxf7 45. Rxh4 {[%emt 0:00:00] KR-KR} Rd8 46. Rh1 d2 47. Rd1 h4 48. Kb3 h3 {[%emt 0:00:01] ( -> ...h2)} 49. Kc2 h2 50. b4 Rc8+ {[%emt 0:00:04] Weighted Error Value: White=0.53/Black=0.17 (very precise)} 0-1

[Event "CCT Airthings Masters Play-In 2023"]
[Site "Online"]
[Date "2023.02.03"]
[Round "2"]
[White "rpragchess"]
[Black "Chan, Chak Man"]
[Result "1-0"]
[ECO "C88"]
[WhiteElo "2510"]
[BlackElo "1862"]
[Annotator "TA"]
[PlyCount "96"]
[EventDate "2023.02.03"]
[EventType "swiss"]
[EventCountry "NET"]
[SourceTitle "playchess.com"]
[Source "ChessBase"]
[SourceQuality "1"]
[TimeControl "600+2"]

1. e4 e5 2. Nf3 Nc6 3. Bb5 a6 4. Ba4 Nf6 5. O-O Be7 6. Re1 b5 7. Bb3 O-O 8. d3 d6 9. Bd2 {[%emt 0:00:01] C88: Closed Ruy Lopez: Anti-Marshall Systems.} h6 10. h3 Re8 11. a3 {[%emt 0:00:26] White has an edge.} Bf8 12. Nc3 Na5 13. Ba2 c5 14. Nd5 Nc6 15. Nxf6+ {[%emt 0:01:33][%mdl 64] Remove Defender} Qxf6 16. Bd5 {[%emt 0:00:05] Prevents Be6.} Bd7 17. Nh2 {[%emt 0:00:31] [#]} Qg6 $146 (17... Rab8 $14) ({Predecessor:} 17... Rac8 18. Re3 Be6 19. Rg3 Kh7 20. Ng4 Qh4 21. Ne3 g6 22. a4 b4 23. c3 Bg7 {½-½ Tan,J (2507)-Brouwer,D (2215) NED-chT 1920 2019 (4.3)}) 18. Re3 $1 $16 Rac8 19. Rg3 $1 Qh7 {[%emt 0:00:02] [#]} 20. Ng4 $1 Bxg4 21. hxg4 (21. Qxg4 {seems wilder.} Rc7 22. Qh5 Nd4 23. c3) 21... Be7 {[%emt 0:00:35] Black is weak on the light squares} 22. c3 ({Don't take} 22. Qf3 Qg6 $14) 22... Qg6 23. Qf3 Bg5 24. Bxg5 hxg5 25. Rh3 Nd8 (25... Qf6 $142) 26. g3 Ne6 27. Kg2 Kf8 (27... Qf6 $16) 28. Rah1 (28. a4 $18) 28... Ke7 29. Rh7 Qf6 30. Qe3 {[%emt 0:00:15] White leaves nothing to chance now.} g6 31. b4 Rf8 32. Qd2 {[%emt 0:00:27] White is much more active.} Rh8 (32... Nc7 $16) 33. bxc5 $18 dxc5 34. Bxe6 Kxe6 (34... Rxh7 $142 35. Bxc8 Rxh1 36. Kxh1 Qh8+ 37. Kg2 Qxc8) 35. Qa2+ Ke7 {[%emt 0:00:01] [#]} (35... c4 $2 36. Rxh8 Rxh8 37. Rxh8 Qxh8 38. dxc4 $18) 36. Rxh8 ({Weaker is} 36. Qd5 Rhf8 $14) 36... Rxh8 37. Rxh8 Qxh8 {[%emt 0:00:00][%mdl 4096] Endgame KQ-KQ} 38. Qd5 c4 (38... Qb8 39. Qxc5+ Qd6 40. Qxd6+ Kxd6) 39. dxc4 (39. Qb7+ $142 Kf8 40. dxc4 bxc4 41. Qxa6) 39... bxc4 $2 (39... Qb8 40. c5 Qc7) 40. Qb7+ ({Less strong is} 40. Qxc4 Qa8 41. Kf3 f5 42. gxf5 gxf5 $18) 40... Kf6 41. Qxa6+ Kg7 42. Qxc4 {[%emt 0:00:00] Qc6 is the strong threat.} Qa8 {[%emt 0:00:03] Dodges Qc6} 43. a4 Qa5 (43... Kh8 $142 44. Kf3 f5) 44. Qb4 (44. Qb5 $142 Qa8 45. Qxe5+ Kh7 46. a5) 44... Qa8 45. a5 Kh6 46. Kg1 {[%emt 0:00:14] Black must now prevent Qb6.} Qd8 47. a6 Qd1+ 48. Kg2 Qd7 {[%emt 0:00:04] Weighted Error Value: White=0.24 (precise) /Black=0.39} 1-0

[Event "CCT Airthings Masters Play-In 2023"]
[Site "Online"]
[Date "2023.02.03"]
[Round "2"]
[White "Matibar"]
[Black "Jospem"]
[Result "1/2-1/2"]
[ECO "C42"]
[WhiteElo "2499"]
[BlackElo "2646"]
[Annotator "TA"]
[PlyCount "68"]
[EventDate "2023.02.03"]
[EventType "swiss"]
[EventCountry "NET"]
[SourceTitle "playchess.com"]
[Source "ChessBase"]
[SourceQuality "1"]
[TimeControl "600+2"]

1. e4 e5 2. Nf3 Nf6 3. Nxe5 d6 4. Nf3 Nxe4 5. Bd3 d5 6. O-O {[%emt 0:00:18] C42: Petroff Defence: 3 Nxe5 and unusual White 3rd moves.} Be7 7. Nc3 Nf6 8. h3 O-O {[%emt 0:00:03] [#]} 9. Ne2 $146 ({Predecessor:} 9. Re1 c5 10. b3 d4 11. Ne4 Nc6 12. Bb2 Nb4 13. Nxf6+ Bxf6 14. Be4 d3 15. Bxf6 dxc2 16. Bxd8 cxd1=Q 17. Raxd1 Rxd8 {1-0 Simon,L (2007)-Vamosi,L (1980) Eger Osz op 2009 (7)}) 9... c5 {[%emt 0:00:36] [#] Hoping for ...c4.} 10. Ng3 Nc6 11. Bb5 Ne4 12. d3 Nxg3 13. fxg3 Qb6 14. Bxc6 Qxc6 15. Bf4 f6 16. g4 Bd7 17. Qd2 Rae8 18. b3 Bd8 19. a4 Re6 20. Rae1 Rxe1 21. Rxe1 Re8 22. Rxe8+ Bxe8 23. Qe2 Bd7 24. Kh2 Qe6 25. Qf2 b6 26. Bg3 g5 27. Nd2 h6 28. Nf1 f5 29. gxf5 Qxf5 30. Qe2 Qe6 31. Qf3 Qf7 32. Qe2 Qe6 33. Qf3 Qf7 34. Qe2 Qe6 {[%emt 0:00:01] Weighted Error Value: White=0.06 (flawless) /Black=0.07 (flawless)} 1/2-1/2

[Event "CCT Airthings Masters Play-In 2023"]
[Site "Online"]
[Date "2023.02.03"]
[Round "2"]
[White "Cardoso Cardoso, Jose Gabriel"]
[Black "Infernal_XaM"]
[Result "1-0"]
[ECO "A26"]
[WhiteElo "2498"]
[BlackElo "2595"]
[Annotator "TA"]
[PlyCount "79"]
[EventDate "2023.02.03"]
[EventType "swiss"]
[EventCountry "NET"]
[SourceTitle "playchess.com"]
[Source "ChessBase"]
[SourceQuality "1"]
[TimeControl "600+2"]

1. Nf3 Nf6 2. c4 g6 3. Nc3 Bg7 4. e4 e5 5. d3 d6 6. g3 O-O 7. Bg2 Nc6 8. O-O {[%emt 0:00:07] [#] 8.h3 is the fancy move.} Rb8 $146 {[%emt 0:00:01] A26: English Opening vs King's Indian with ...Nc6 and d3.} ({Predecessor:} 8... Bg4 9. h3 Bxf3 10. Bxf3 Nd7 11. Bg2 Nc5 12. f4 exf4 13. gxf4 f5 14. Be3 Bd4 15. Qd2 Qf6 16. Rae1 Qg7 {½-½ Praggnanandhaa,R (2608)-Onischuk,V (2622) Titled Tuesday intern op 16th Mar blitz 2021 (8)}) 9. Be3 a6 10. Rc1 Ng4 {[%emt 0:00:17] The position is equal.} 11. Bg5 f6 12. Bd2 f5 13. Nd5 Nf6 14. Bg5 fxe4 15. dxe4 Bg4 16. h3 Bxf3 17. Bxf3 Nd4 {[%emt 0:00:00] ...Nxf3+ is the strong threat.} 18. Bg2 c6 19. Nxf6+ Bxf6 20. Be3 c5 21. Bxd4 exd4 22. f4 b5 (22... Qa5 $5 ) 23. b3 g5 (23... Qd7 $11) 24. Qg4 {[%emt 0:00:09] Black is weak on the light squares} ({White should try} 24. e5 $1 $16 dxe5 25. fxg5) 24... Kh8 {[%emt 0:00:02] [#]} (24... Qc8 $11) 25. fxg5 {[%emt 0:00:06] White is more active.} ({White should play} 25. e5 $1 $16 Bg7 26. Be4 (26. Qxg5 Qxg5 27. fxg5 Bxe5 $11) (26. fxg5 Bxe5 27. Rxf8+ Qxf8 $14)) 25... Be5 $14 26. Rf5 bxc4 27. Rxc4 Qa5 {[%emt 0:00:28] Strongly threatening ...Rxf5.} 28. g6 (28. Rc1 $14) 28... Qe1+ (28... Qxa2 29. Qh5 Qb1+ 30. Bf1) (28... Rg8 $1 $15 {stays ahead.} 29. Rxe5 dxe5) 29. Kh2 $16 {[%emt 0:00:01][%cal Of5e5] Hoping for Rxe5!} Rxf5 (29... Rg8 $16 30. Rxe5 dxe5) 30. exf5 $40 {[%emt 0:00:02][%mdl 128] White attacks with force.} d3 $2 {[%emt 0:00:23] [#]} (30... Kg7 31. Ra4 h5) 31. f6 $1 Bxf6 {[%emt 0:00:25] [#]} 32. Re4 $1 d2 33. Qh5 Rb7 34. Qf5 Kg7 35. gxh7 {[%emt 0:00:04] White mates.} d1=Q {[%emt 0:00:15] [#]} 36. Qxf6+ $3 {[%emt 0:00:17][%mdl 576] Deflection, Promotion} Kxf6 37. h8=Q+ (37. h8=R $2 Qg1#) 37... Rg7 38. Qh6+ ({Not} 38. Rxe1 Qxe1 39. Qf8+ (39. Qh6+ Rg6 $16) 39... Rf7 40. Qxd6+ Kg7 $16) 38... Kf7 39. Qe6+ Kf8 40. Qe8# {[%emt 0:00:01] Ingenious play by Cardoso Cardoso!   Weighted Error Value: White=0.15 (very precise) /Black=0.42} 1-0

[Event "CCT Airthings Masters Play-In 2023"]
[Site "Online"]
[Date "2023.02.03"]
[Round "2"]
[White "Gajuchess"]
[Black "Puranik, Abhimanyu"]
[Result "0-1"]
[ECO "D03"]
[WhiteElo "2491"]
[BlackElo "2596"]
[Annotator "TA"]
[PlyCount "50"]
[EventDate "2023.02.03"]
[EventType "swiss"]
[EventCountry "NET"]
[SourceTitle "playchess.com"]
[Source "ChessBase"]
[SourceQuality "1"]
[TimeControl "600+2"]

1. d4 Nf6 2. Nf3 g6 3. Bg5 Bg7 4. Nbd2 d5 5. c3 O-O 6. e3 Nbd7 {[%emt 0:00:02] 6...c5 might become the main line.} 7. Bd3 Re8 8. h4 {[%emt 0:00:13] D03: 1 d4 d5 2 Nf3 Nf6 3 Bg5, including Torre Attack with early ...d5.} e5 9. dxe5 Nxe5 10. Nxe5 {[%emt 0:00:00] The position is equal.} Rxe5 11. Nf3 Re8 12. h5 {[%emt 0:00:06] [#]} Qd6 $146 ({Predecessor:} 12... Qd7 13. hxg6 hxg6 14. Bxf6 Bxf6 15. Qc2 Kg7 16. O-O-O Qc6 17. Qb3 Bd7 18. Bc2 Qa6 {½-½ Taleb,M (2508)-Mohammad,S (2312) Arab-ch Dubai 2005 (8)}) 13. hxg6 fxg6 (13... hxg6 $11 14. Qa4 Bg4) 14. Qa4 $14 {[%emt 0:00:09] And now Qh4 would win.} b5 15. Qh4 $18 (15. Bxb5 $6 Re4 16. Qc2 Rb8 $14) (15. Qxb5 $6 Bd7 16. Qa5 Qb6 17. Qxb6 axb6 $14) 15... b4 16. cxb4 (16. Bxf6 $142 Qxf6 17. Qxh7+ (17. Qxb4 Qe7 $14) 17... Kf7 18. Rh6 (18. cxb4 Rh8 $11)) 16... Rb8 $2 (16... Nh5 $16) 17. a3 a5 18. Bxf6 {[%emt 0:00:08][%mdl 64] [#] Remove Defender} (18. bxa5 Nh5 $14) 18... Qxf6 19. Qxh7+ (19. bxa5 Qxh4 20. Rxh4 Bxb2 $11) 19... Kf7 20. Rc1 (20. bxa5 Rh8 21. Qxg6+ (21. Bxg6+ $2 Kf8 $19) 21... Qxg6 22. Bxg6+ Kxg6 23. Rxh8 Bxh8 $15) 20... Rb7 21. Qh2 ({But not} 21. bxa5 Rh8) 21... c6 22. Qg3 {[%emt 0:00:58] [#] Threatens to win with Rh4.} ({Weaker is} 22. bxa5 Rh8 23. Bxg6+ (23. Nh4 g5 $11) 23... Qxg6 24. Qf4+ Ke8 25. Rxh8+ Bxh8 $11) 22... axb4 23. axb4 Rxb4 24. Rh7 (24. Qc7+ $18 Kg8 25. Rxc6) 24... Kg8 (24... Bd7 $16) 25. Bxg6 $4 (25. Qxg6 $18 {Rh8+ would kill now.} Qxg6 26. Bxg6) 25... Rg4 $1 {[%emt 0:00:04] Weighted Error Value: White=0.51/Black=0.37} 0-1

[Event "CCT Airthings Masters Play-In 2023"]
[Site "Online"]
[Date "2023.02.03"]
[Round "2"]
[White "Panjwani, Raja"]
[Black "Grandelius, Nils"]
[Result "1/2-1/2"]
[ECO "B95"]
[WhiteElo "2485"]
[BlackElo "2660"]
[Annotator "TA"]
[PlyCount "104"]
[EventDate "2023.02.03"]
[EventType "swiss"]
[EventCountry "NET"]
[SourceTitle "playchess.com"]
[Source "ChessBase"]
[SourceQuality "1"]
[TimeControl "600+2"]

1. e4 c5 2. Nf3 d6 3. d4 cxd4 4. Nxd4 Nf6 5. Nc3 a6 6. Bg5 e6 7. Qe2 h6 {[%emt 0:00:12] B95: Sicilian Najdorf: 6 Bg5 e6, unusual White 7th moves.} 8. Bd2 Qb6 9. Nb3 Qc7 10. g4 b5 {[%emt 0:00:03][%cal Bb7b5,Bb5b4][%mdl 32] [#]} 11. Bg2 $146 ({Predecessor:} 11. a3 Nc6 12. Bg2 Rb8 13. h3 Ne5 14. O-O Be7 15. Be1 O-O 16. f4 Nc4 17. Nd1 {0-1 Sobolevsky,L (2300)-Bromberger,S (2490) Nuremberg LGA Cup 5th 2008 (6)}) 11... Bb7 12. h4 (12. a3 $1 $11) 12... b4 $15 13. Nd1 d5 (13... Qxc2 $2 14. Rc1 $18 (14. Bxb4 Qxe2+ 15. Kxe2 Bxe4 $17) (14. Bxb4 Qxe2+ 15. Kxe2 Bxe4 $17)) 14. exd5 Nxd5 15. Be4 (15. f4 $15 {is more appropriate.}) 15... Nd7 $17 16. c4 N5f6 {[%emt 0:00:53][%mdl 64] [#] Discovered Attack} 17. Bxb7 Qxb7 18. Rg1 Qe4 ({Better is} 18... a5 $17 19. f3 a4) 19. f3 $11 Qxe2+ 20. Kxe2 Ne5 21. Na5 O-O-O 22. Be3 Bd6 23. g5 (23. Nf2 $11) 23... hxg5 $17 24. hxg5 Rh2+ 25. Nf2 {[%emt 0:00:01] [#]} Nh5 26. Rad1 Bc7 (26... Ng6 $19 27. f4 Ngxf4+ 28. Kf1 Ng6) 27. Rxd8+ $15 Kxd8 28. f4 $1 Ng6 29. Nc6+ Kd7 30. Nxb4 Nhxf4+ (30... a5 {simplifies} 31. Nbd3 Nhxf4+ 32. Nxf4 Nxf4+ 33. Kf3 Ng6) 31. Kf3 Nh4+ (31... Ne5+ {simplifies} 32. Kxf4 Nxc4+ 33. Kf3 Nxe3 34. Nxa6 Bb6) 32. Ke4 Ne2 33. Rd1+ Kc8 $1 34. Nxa6 Ng3+ 35. Kd3 Be5 (35... Bd8 $11) 36. Ng4 $18 Rxb2 37. Nxe5 Rxa2 38. Bf4 (38. Nc5 $16 {[%cal Oe3f4] And now Bf4! would win.} Ra3+ 39. Kd2) 38... Rxa6 $11 39. Bxg3 (39. Nxf7 $5 Nhf5 40. Kc2 $14) 39... Ra3+ {[%emt 0:00:00] The position is equal.} 40. Kd4 Rxg3 41. Nxf7 {[%emt 0:00:02][%mdl 4096] Endgame KRN-KRN} Kd7 42. c5 Ke7 43. Ne5 Nf3+ 44. Nxf3 Rxf3 {[%emt 0:00:00] KR-KR} 45. Ra1 {[%emt 0:00:09] Hoping for Ra7+.} Rf4+ 46. Kd3 {[%emt 0:00:01] Strongly threatening Ra7+.} Rf5 47. Ra7+ Kd8 48. Rxg7 Rxc5 49. Kd4 Rf5 50. Ke4 Ke8 51. g6 Kf8 52. Rb7 Kg8 {[%emt 0:00:03] Never resign too early!   Weighted Error Value: White=0.18 (very precise) /Black=0.18 (very precise)} 1/2-1/2

[Event "CCT Airthings Masters Play-In 2023"]
[Site "Online"]
[Date "2023.02.03"]
[Round "2"]
[White "starworld123"]
[Black "crescentmoon"]
[Result "0-1"]
[ECO "A13"]
[WhiteElo "2485"]
[BlackElo "2637"]
[Annotator "NA"]
[PlyCount "92"]
[EventDate "2023.02.03"]
[EventType "swiss"]
[EventCountry "NET"]
[SourceTitle "playchess.com"]
[Source "ChessBase"]
[SourceQuality "1"]
[TimeControl "600+2"]

1. Nf3 Nf6 2. c4 e6 3. g3 d5 4. Bg2 dxc4 5. Qa4+ Bd7 6. Qxc4 c5 7. O-O Bc6 8. Nc3 Nbd7 9. d4 Rc8 10. Rd1 b5 11. Qd3 c4 12. Qe3 Be7 13. a3 O-O 14. Ne5 Bxg2 15. Kxg2 a6 16. Qf3 Qc7 17. Nxd7 Qxd7 18. e4 Rfd8 19. Bg5 h6 20. Bxf6 Bxf6 21. e5 Be7 22. d5 exd5 23. Nxd5 Qe6 24. Qe4 Rc5 25. Nf4 Qxe5 26. Rxd8+ Bxd8 27. Qa8 Qd6 28. Re1 Kf8 29. Qf3 Bf6 30. Qa8+ Qd8 31. Qa7 Qc7 32. Qxa6 Bxb2 33. Kg1 Bf6 34. Qa8+ Qc8 35. Qe4 Re5 36. Qb1 Rxe1+ 37. Qxe1 Qc5 38. Qa5 g6 39. Qa8+ Kg7 40. Qb7 Be7 41. Nd5 Bd6 42. Nc3 Be5 43. Ne4 Qd4 44. Qc6 c3 45. Kg2 Qc4 46. Nc5 Bd4 0-1

[Event "CCT Airthings Masters Play-In 2023"]
[Site "Online"]
[Date "2023.02.03"]
[Round "2"]
[White "OK97"]
[Black "chessintuit"]
[Result "1-0"]
[ECO "B30"]
[WhiteElo "2477"]
[BlackElo "2635"]
[Annotator "NA"]
[PlyCount "127"]
[EventDate "2023.02.03"]
[EventType "swiss"]
[EventCountry "NET"]
[SourceTitle "playchess.com"]
[Source "ChessBase"]
[SourceQuality "1"]
[TimeControl "600+2"]

1. e4 c5 2. Nc3 Nc6 3. Bb5 Nd4 4. Nf3 e6 5. O-O a6 6. Bd3 Nc6 7. b3 g5 8. Bb2 Bg7 9. Na4 Bxb2 10. Nxb2 d6 11. Qe2 e5 12. Qe3 h6 13. c3 Nge7 14. Bc2 Ng6 15. h3 g4 16. hxg4 Bxg4 17. a4 Qf6 18. Nh2 Be6 19. Nc4 O-O-O 20. Nb6+ Kb8 21. b4 cxb4 22. Nd5 Bxd5 23. exd5 Nce7 24. cxb4 Nxd5 25. Qb3 Ndf4 26. b5 a5 27. Qe3 d5 28. Bxg6 Nxg6 29. Rac1 Rc8 30. b6 h5 31. Rc7 d4 32. Qe4 Rxc7 33. bxc7+ Kxc7 34. Rc1+ Kb8 35. Rb1 Qe7 36. Nf3 Rc8 37. d3 Ka7 38. Nd2 h4 39. Nc4 Rc5 40. Nd6 b6 41. Nc4 Rxc4 42. dxc4 Nf4 43. Qc6 Qb7 44. Qxb7+ Kxb7 45. c5 Kc6 46. cxb6 Kb7 47. Kf1 f6 48. g3 hxg3 49. fxg3 Nd5 50. Rb5 Nxb6 51. Rxa5 Kc6 52. Ke2 Nd5 53. Ra8 e4 54. Rc8+ Kd6 55. Rd8+ Kc5 56. a5 Nc3+ 57. Kd2 e3+ 58. Kd3 Nb5 59. Rc8+ Kd6 60. a6 Kd7 61. Rb8 e2 62. Kxe2 Nc3+ 63. Kd3 Kc7 64. a7 1-0

[Event "CCT Airthings Masters Play-In 2023"]
[Site "Online"]
[Date "2023.02.03"]
[Round "2"]
[White "sergoy"]
[Black "ChristopherYoo"]
[Result "0-1"]
[ECO "D38"]
[WhiteElo "2465"]
[BlackElo "2634"]
[Annotator "TA"]
[PlyCount "162"]
[EventDate "2023.02.03"]
[EventType "swiss"]
[EventCountry "NET"]
[SourceTitle "playchess.com"]
[Source "ChessBase"]
[SourceQuality "1"]
[TimeControl "600+2"]

1. d4 Nf6 2. c4 e6 3. Nf3 d5 4. Nc3 Bb4 5. Qa4+ Nc6 6. e3 O-O 7. Qc2 {[%emt 0:00:01] D38: Queen's Gambit Declined: Ragozin Defence (4 Nf3 Bb4).} Re8 8. Bd2 Bf8 9. a3 {[%emt 0:00:01] The position is equal.} a6 10. h3 h6 11. Be2 dxc4 12. Bxc4 e5 {[%emt 0:00:02] [#]} 13. d5 $146 ({But not} 13. Qg6 $2 Be6 14. Bxe6 Rxe6 $19) ({Predecessor:} 13. dxe5 Nxe5 14. Nxe5 Rxe5 15. f4 Bf5 16. Qb3 Re7 17. g4 Ne4 18. O-O-O Nc5 19. Qa2 {0-1 Mardov,D (2414)-Antipov,M (2603) Saint Louis 1000 GM 2nd 2022 (1)}) 13... Na5 (13... b5 {is interesting.} 14. Ba2 e4 15. Nxe4 Nxe4 16. dxc6 Bf5) 14. Ba2 {[%emt 0:00:05] [#] Strongly threatening b4.} b6 15. e4 Nb7 16. O-O Nd6 17. Rfe1 Bb7 18. Rad1 b5 19. Be3 a5 (19... c6 {seems wilder.} 20. dxc6 Bxc6 21. Nh4 Nfxe4 22. Ng6 Nxc3 23. Qxc3 Qf6) 20. Bc5 Ba6 21. b4 Nd7 22. Ne2 axb4 23. axb4 Nc4 (23... Nxc5 $11 24. bxc5 Nb7) 24. Bxf8 $16 Rxf8 25. Bxc4 bxc4 26. Nc3 Qe7 27. Rb1 Nb6 28. b5 Bc8 29. Ra1 (29. Nd1 $14) 29... Bd7 $11 30. Ra6 Qc5 31. Qb2 f6 32. Rea1 Rfb8 33. Nd2 Bc8 34. Rxa8 Rxa8 35. Rxa8 Nxa8 36. Qa2 (36. Na4 $14 c3 37. Qxc3 Qxb5 38. Qc2) 36... Nb6 37. Qa7 Kh7 38. Ndb1 f5 39. Qa2 $2 (39. Nd2 $11 {and White stays safe.}) 39... fxe4 $19 40. Qe2 Bf5 (40... Nxd5 $2 41. Qxe4+ (41. Nxe4 Qb4 $17) 41... Kg8 42. Nxd5 $18) 41. Nd2 Nxd5 (41... Qd4 $19 42. Ndxe4 Nxd5 43. Nxd5 Qxd5) 42. Nxd5 $17 Qxd5 43. Nxc4 Qd3 {[%emt 0:00:03] Wards off Ne3} 44. Qxd3 exd3 {[%emt 0:00:00][%mdl 4096] Endgame KB-KN} 45. f3 $2 {[%emt 0:00:00] Now White is beyond hope.} (45. Kf1 $17 {only move.}) 45... Bd7 $19 46. Kf2 Bxb5 47. Nd2 Kg6 48. Ke3 Kf5 49. g4+ $2 (49. Ne4) 49... Ke6 50. Ke4 c5 51. Nb1 c4 {[%emt 0:00:03] [#] aiming for ...Bc6+.} 52. Nc3 Bc6+ 53. Ke3 Kd6 {[%emt 0:00:02] Threatens to win with ...Kc5.} 54. f4 exf4+ {[%emt 0:00:02] Black mates.} 55. Kxf4 g5+ 56. Ke3 Ke5 57. Nb1 Bg2 58. Nd2 c3 59. Nc4+ Kd5 60. Nb6+ Kc6 61. Na4 c2 62. Kd2 Bxh3 63. Nb2 Bxg4 64. Nxd3 Kd6 65. Ke3 Bf5 66. Nc1 h5 67. Kf3 h4 68. Nb3 Ke5 69. Nc1 g4+ 70. Ke3 g3 71. Kf3 Be4+ 72. Ke2 h3 73. Ke1 h2 74. Kf1 h1=Q+ 75. Ke2 Qf3+ 76. Kd2 g2 77. Ne2 Qd3+ 78. Kc1 g1=Q+ 79. Nxg1 Qe3+ 80. Kb2 c1=Q+ 81. Ka2 Qea3# {[%emt 0:00:00] Weighted Error Value: White=0.64/Black=0.13 (very precise)} 0-1